 Dungeon Crawl Stone Soup version 0.32-a0-329-ge6c31236d6 (webtiles) character file.

Game seed: 4591966572645787350

6751 Asceticacid the Gouger (level 10, 51/51 HPs)
             Began as a Felid Berserker on Feb 16, 2024.
             Was an Elder of Trog.
             Quit the game on level 9 of the Dungeon on Feb 17, 2024.
             The game lasted 00:11:52 (6842 turns).

Asceticacid the Gouger (Felid Berserker)            Turns: 6842, Time: 00:11:53

Health: 51/51      AC:  6    Str: 19    XL:     10   Next: 75%
Magic:  11/11      EV: 25    Int: 12    God:    Trog [****..]
Gold:   307        SH:  0    Dex: 19    Spells: 9/9 levels left
                                        Lives:  0   Deaths: 2

rFire   . .          .
                       - Unarmed
rCold   . . .        (shield unavailable)
rNeg    . . .        (body armour unavailable)
rPois   +            (helmet unavailable)
rElec   +            (cloak unavailable)
rCorr   .            (gloves unavailable)
SInv    +            (boots unavailable)
Will    +....        i - amulet of regeneration
Stlth   +++++        D - +6 ring of strength
HPRegen 1.08/turn    A - ring of the Smoking Gods {*Corrode rElec rPois AC+4 Stlth+}
MPRegen 0.12/turn

%: corrode self (3%)
@: on berserk cooldown, slowed, very slow
A: very small, claws 1, fangs 3, see invisible, shaggy fur 2, stealthy paws, no
weapons or thrown items, no armour, multi-lived
a: Renounce Religion, Berserk, Trog's Hand, Brothers in Arms


You were on level 9 of the Dungeon.
You worshipped Trog.
Trog was greatly pleased with you.
You visited 1 branch of the dungeon, and saw 9 of its levels.

You collected 424 gold pieces.
You spent 117 gold pieces at shops.

Inventory:

Jewellery
 f - a +6 ring of intelligence
 g - a ring of flight
 i - an amulet of regeneration (around neck)
 s - a ring of magical power
 u - a ring of ice
 A - the ring of the Smoking Gods (right paw) {*Corrode rElec rPois AC+4 Stlth+}
   (You took it off an orc wizard on level 7 of the Dungeon)

   [ring of protection]

   AC+4:      It affects your AC (+4).
   rElec:     It insulates you from electricity.
   rPois:     It protects you from poison *Corrode: It may corrode you when you
   take damage.
   Stlth+:    It makes you more stealthy.
 D - a +6 ring of strength (left paw)
Talismans
 a - a flux talisman
Wands
 r - a wand of roots (10)
 v - a wand of acid (11)
 w - a wand of flame (52)
 C - a wand of mindburst (16)
Scrolls
 c - a scroll of torment {unknown}
 k - a scroll of fear
 l - 5 scrolls of teleportation
 m - 5 scrolls of identify {unknown}
 o - a scroll of acquirement {unknown}
 q - 2 scrolls of revelation {unknown}
 t - a scroll of immolation {unknown}
Potions
 b - 2 potions of might {unknown}
 d - 7 potions of mutation {unknown}
 e - 2 potions of attraction {unknown}
 h - 2 potions of heal wounds {unknown}
 j - 8 potions of curing
 n - a potion of degeneration {unknown}
 p - a potion of berserk rage {unknown}
 B - 2 potions of enlightenment {unknown}
 E - a potion of brilliance {unknown}
 F - a potion of haste {unknown}
Miscellaneous
 x - a tin of tremorstones (2/2)
 y - a phial of floods
 z - a sack of spiders


   Skills:
 + Level 4.8 Fighting
 + Level 10.4 Dodging
 + Level 7.2 Stealth
 + Level 11.4 Unarmed Combat
 * Level 2.9 Evocations
 * Level 5.7 Shapeshifting


You had 9 spell levels left.
You didn't know any spells.
Your spell library contained the following spells:

 Spells                   Type           Power      Damage    Failure   Level
 Ensorcelled Hibernation  Hex/Ice        0%         N/A       45%         2
 Dazzling Flash           Conj/Hex       0%         N/A       69%         3
 Passwall                 Erth           0%         N/A       69%         3
 Swiftness                Air            0%         N/A       69%         3
 Anguish                  Hex/Necr       0%         N/A       97%         4
 Leda's Liquefaction      Alch/Erth      0%         N/A       97%         4
 Alistair's Intoxication  Alch           0%         N/A       100%        5
 Borgnjor's Vile Clutch   Necr/Erth      0%         N/A       100%        5
 Eringya's Noxious Bog    Alch           0%         4d6       100%        6
 Lehudib's Crystal Spear  Conj/Erth      0%         10d2      100%        8


Dungeon Overview and Level Annotations

Branches:
Dungeon (9/15)             Temple (0/1) D:4
   Lair: D:8-11         Orc: D:9-12

Altars:
Okawaru
Xom
The Shining One

Shops:
D:2 !   D:4 (   D:5 **   D:6 [

Annotations:
D:6 3 runed translucent doors, jboons's ghost, weakling MDDe


Innate Abilities, Weirdness & Mutations

You have sharp claws.
You have razor-sharp teeth.
You have supernaturally acute eyesight. (SInv)
You are covered in thick fur. (AC +2)
Your paws help you pounce on unaware monsters.
You are incapable of wielding weapons or throwing items.
You cannot wear armour.
You gain extra lives every three experience levels.


Message History

The kobold brigand hits you with a +0 dagger.
You mangle the kobold brigand!!
You kill the kobold brigand!
Trog accepts your kill. The kobold barely misses you. The kobold misses you.
Things that are here:
a +0 dagger; 4 poisoned darts; a +0 chain mail You mangle the kobold!!
You kill the kobold!
Trog accepts your kill. The kobold hits you with a +0 dagger.
You see here a +0 falchion.
You barely miss the kobold. You bite the kobold.
You kill the kobold!
Trog accepts your kill.
No target in view!
No target in view!
Welcome back, Asceticacid the Felid Berserker.
Trog says: Kill them all!
Press ? for a list of commands and other information.
HP restored.
Things that are here:
4 poisoned darts; a +0 dagger; a +0 chain mail You feel a strong urge to attack something.
You are no longer berserk.
You are exhausted.
You feel yourself slow down.
There is an open door here.
There is an open door here.
Things that are here:
a +0 dagger; a +0 ring mail
d - 7 smoky puce potions (gained 1)
Things that are here:
4 poisoned darts; a +0 dagger; a +0 chain mail
There is an open door here.
Things that are here:
a stone; a +0 dagger You open the door.
Found 3 poisoned darts and a dagger.
Are you sure you want to abandon this character and quit the game? (Confirm with "yes".)

#...# ##### #...######
#...######...##....
#......##...###....
######..##...###....
##.#()#..............
+..+$$#...........<..
#####+#..#'##..............
#.........@................
#.###......................
#..##+#..#(##..............
##.# +.('()#.[....).......
#.# #>.#).###############
#.####..#### #......#...#
############


There were no monsters in sight!

Vanquished Creatures
  A cyclops (D:7)
  Maggie (D:6)
  An unseen horror (D:6)
  A hornet (D:8)
  Grinder (D:5)
  Sigmund (D:5)
  2 wraiths
  3 yaks
  3 steam dragons
  Edmund (D:4)
  2 water moccasins
  3 orc warriors
  An ice beast (D:6)
  A sky beast (D:7)
  A black bear (D:4)
  3 ogres
  7 centaurs
  3 phantoms
  Blork the orc (D:4)
  5 kobold brigands
  3 bullfrogs
  A gnoll sergeant (D:6)
  A scorpion (D:5)
  2 killer bees
  8 howler monkeys
  A bombardier beetle (D:7)
  2 hounds (D:6)
  3 jellies
  An orc priest (D:7)
  Crazy Yiuf (D:2)
  2 gnoll boudas
  A sleepcap (D:8)
  Terence (D:2)
  5 iguanas
  6 orc wizards
  25 gnolls
  5 adders
  A shadow imp (D:8)
  A white imp (D:6)
  2 ufetubi (D:6)
  3 ribbon worms
  4 dart slugs
  29 orcs
  4 ball pythons
  6 bats
  8 endoplasms
  A giant cockroach (D:2)
  8 goblins
  2 hobgoblins
  3 jackals (D:2)
  19 kobolds
  3 quokkas
  2 frilled lizards
  A rat (D:1)
207 creatures vanquished.

Notes
Turn   | Place    | Note
-------+----------+-------------------------------------------
     0 | D:1      | Asceticacid the Felid Berserker began the quest for the
                  | Orb.
     0 | D:1      | Reached XP level 1. HP: 12/12 MP: 2/2
   175 | D:1      | Reached XP level 2. HP: 12/16 MP: 3/3
   426 | D:1      | You fall into a shaft and drop 1 floor!
   503 | D:2      | Noticed Terence
   507 | D:2      | Reached XP level 3. HP: 20/20 MP: 4/4
   513 | D:2      | Killed Terence
   514 | D:2      | Reached skill level 1 in Stealth
   610 | D:2      | Reached XP level 4. HP: 21/25 MP: 5/5
   610 | D:2      | Gained a life (2 lives remaining)
   694 | D:2      | Found Ewacviez's Distillery.
   863 | D:2      | Reached ** piety under Trog
   880 | D:2      | Found a runed translucent door.
   881 | D:2      | Noticed Crazy Yiuf
   943 | D:2      | Reached skill level 4 in Unarmed Combat
  1426 | D:2      | Killed Crazy Yiuf
  1427 | D:2      | Reached skill level 5 in Dodging
  1427 | D:2      | Reached XP level 5. HP: 29/29 MP: 6/6
  1819 | D:3      | Reached skill level 5 in Unarmed Combat
  1943 | D:3      | Found an iron altar of Okawaru.
  1965 | D:3      | Reached skill level 1 in Shapeshifting
  1965 | D:3      | Gained mutation: You are covered in thick fur. (AC +2)
                  | [Felid growth]
  1965 | D:3      | Reached XP level 6. HP: 28/33 MP: 7/7
  1983 | D:3      | Found a shimmering altar of Xom.
  2453 | D:4      | Found Buxittoug's Weapon Boutique.
  2535 | D:2      | Bought 2 potions of curing for 84 gold pieces
  2691 | D:4      | Found a staircase to the Ecumenical Temple.
  2780 | D:4      | Noticed Edmund
  2798 | D:4      | Killed Edmund
  2799 | D:4      | Reached skill level 6 in Unarmed Combat
  2799 | D:4      | Reached XP level 7. HP: 37/37 MP: 8/8
  3105 | D:4      | Noticed Blork the orc
  3118 | D:4      | Killed Blork the orc
  3192 | D:5      | Entered Level 5 of the Dungeon
  3373 | D:5      | Noticed a steam dragon
  3381 | D:5      | Killed a steam dragon
  3474 | D:5      | Found Coustrux's Specific Store.
  3475 | D:5      | Found Piewuaty's General Store.
  3483 | D:5      | Bought a scroll of teleportation for 33 gold pieces
  3531 | D:5      | Reached skill level 7 in Unarmed Combat
  3531 | D:5      | Reached XP level 8. HP: 42/42 MP: 9/9
  3679 | D:5      | Noticed Grinder
  3709 | D:5      | Killed Grinder
  3710 | D:5      | Reached skill level 5 in Stealth
  3794 | D:5      | Noticed Sigmund
  3799 | D:5      | Killed Sigmund
  3800 | D:5      | Reached skill level 8 in Unarmed Combat
  4219 | D:6      | Reached XP level 9. HP: 45/45 MP: 10/10
  4248 | D:6      | Reached *** piety under Trog
  4381 | D:6      | Noticed jboons's ghost (weakling MDDe)
  4383 | D:6      | Found a runed translucent gate.
  4389 | D:6      | Found a runed translucent gate.
  4389 | D:6      | Found a runed translucent gate.
  4431 | D:6      | Noticed Maggie
  4448 | D:6      | Killed Maggie
  4449 | D:6      | Reached skill level 9 in Unarmed Combat
  4609 | D:6      | Found Gotek's Armour Shoppe.
  5117 | D:7      | Noticed an unseen horror
  5129 | D:7      | Reached skill level 10 in Unarmed Combat
  5182 | D:6      | Killed an unseen horror
  5183 | D:6      | Reached XP level 10. HP: 19/51 MP: 11/11
  5363 | D:7      | Noticed a cyclops
  5374 | D:7      | Killed a cyclops
  5438 | D:7      | Got Sif Muna's Opusculum on Misfortune and Terra Firma
  5439 | D:7      | Identified the ring of the Smoking Gods {*Corrode rElec
                  | rPois AC+4 Stlth+}
  5528 | D:7      | Reached skill level 5 in Shapeshifting
  5593 | D:7      | Reached skill level 1 in Evocations
  5664 | D:7      | Reached skill level 11 in Unarmed Combat
  5690 | D:7      | Mangled by a yak
  5690 | D:7      | Lost a life (1 life remaining)
  5756 | D:7      | Reached skill level 10 in Dodging
  5781 | D:7      | Slain by a wraith
  5781 | D:7      | Lost a life (0 lives remaining)
  6129 | D:8      | Found a glowing golden altar of the Shining One.
  6451 | D:8      | Reached **** piety under Trog
  6842 | D:9      | Quit the game

Illustrated notes

Levels and vault maps discovered:
D:1:      dpeg_arrival_orchard, layout_rooms, minmay_misc_feat_enclosed
D:2:      wad_pebble_path, layout_basic, serial_shops, shop,
          kennysheep_generic_room_14, uniq_crazy_yiuf_cottage, uniq_terence
D:3:      layout_loops_ring, mainiacjoe_overflow_catch_the_wave
D:4:      layout_rooms, lemuel_temple_firewalk_b, serial_shops,
          nicolae_shop_scrapyard, feat_on_display, uniq_blork_the_orc,
          uniq_edmund
D:5:      layout_loops_corners, nicolae_specific_store, uniq_grinder,
          uniq_sigmund
D:6:      layout_loops_ring, gammafunk_ghost_nasty_kobolds, serial_shops, shop,
          uniq_maggie
D:7:      minmay_the_grid_octo_tiled_octocenter [minmay_the_grid_octo_clover_2,
          minmay_the_grid_octo_chip, minmay_the_grid_octo_77,
          minmay_the_grid_octo_tetromino_candy,
          minmay_the_grid_octo_prize_square_snowflake,
          minmay_the_grid_square_5x5_fat_x,
          minmay_the_grid_square_5x5_inverted_slash,
          minmay_the_grid_square_5x5_meh, minmay_the_grid_square_5x5_slash],
          layout_rooms, chequers_hall_statues_y
D:8:      layout_basic, mainiacjoe_overflow_brackets
D:9:      layout_cross, david_orc_2, minmay_crystal_room, minivault_10,
          minivault_4, st_stairs_4

Skill      XL: |  1  2  3  4  5  6  7  8  9 10 |
---------------+-------------------------------+-----
Stealth        | 1 2 3 4 6 7 |  7.2
Unarmed Combat | 4 5 6 7 8 10 11 | 11.4
Dodging        | 5 6 7 9 10 | 10.4
Shapeshifting  | 1 2 3 4 5 |  5.7
Fighting       | 4 |  4.8
Evocations     | 2 |  2.9

Action                     |  1- 3 |  4- 6 |  7- 9 | 10-12 || total
---------------------------+-------+-------+-------+-------++-------
  Melee: Unarmed           |    61 |   191 |   248 |   178 ||   678
         Bite              |     5 |    22 |    29 |    30 ||    86
         Punch             |     1 |     5 |    12 |     9 ||    27
 Invoke: Berserk           |     1 |     4 |    10 |     5 ||    20
         Trog's Hand       |       |     1 |     3 |     1 ||     5
  Evoke: Wand              |       |       |     1 |       ||     1
    Use: Scroll            |       |     5 |       |       ||     5
   Stab: Sleeping          |     2 |     8 |     7 |     3 ||    20
         Distracted        |       |     1 |       |       ||     1
 Armour: Skin              |    15 |    46 |    94 |    52 ||   207
  Dodge: Dodged            |    37 |   179 |   249 |   167 ||   632

Table legend: (Time is in decaauts)
 A = Elapsed time spent in this place.
 B = Non-inter-level travel time spent in this place.
 C = Inter-level travel time spent in this place.
 D = Time resting spent in this place.
 E = Time spent auto-exploring this place.
 F = Levels seen in this place.
 G = Mean time per level.
                   A        B        C        D        E       F      G
               +--------+--------+--------+--------+--------+-----+--------+
         Total |   6929 |   6532 |    397 |    474 |   4378 |   9 |  769.9 |
       Dungeon |   6929 |   6532 |    397 |    474 |   4378 |   9 |  769.9 |
               +--------+--------+--------+--------+--------+-----+--------+

Top non-repeatable levels by time:
     D:2: 1131 daAuts
     D:6: 1085 daAuts
     D:5: 957 daAuts
     D:3: 952 daAuts
     D:7: 942 daAuts
     D:4: 715 daAuts
     D:8: 611 daAuts
     D:1: 423 daAuts
     D:9: 110 daAuts
